 Dungeon Crawl Stone Soup version 0.25-a0-353-ged6d54792d (webtiles) character file.

Game seed: 9719841338348305831, levelgen mode: deterministic

9 BritishOli the Slasher (level 2, 11/22 HPs)
             Began as a Demonspawn Gladiator on Jan 2, 2020.
             Got out of the dungeon alive.
             The game lasted 00:00:21 (221 turns).

BritishOli the Slasher (Demonspawn Gladiator)        Turns: 221, Time: 00:00:21

Health: 11/22      AC:  4    Str: 14    XL:     2   Next: 6%
Magic:  2/2        EV: 13    Int:  9    God:
Gold:   13         SH:  0    Dex: 16    Spells: 1/1 levels left

rFire    . . .     SeeInvis .   a - +0 long sword
rCold    . . .     Gourm    .   (no shield)
rNeg     . . .     Faith    .   b - +0 leather armour
rPois    .         Spirit   .   c - +0 helmet
rElec    .         Reflect  .   (no cloak)
rCorr    .         Harm     .   (no gloves)
MR       .....                  (no boots)
Stlth    ++........             (no amulet)
HPRegen  0.07/turn              (no ring)
MPRegen  0.08/turn              (no ring)

@: no status effects
A: thin skeletal structure 1
a: no special abilities


You escaped.
You were not hungry.

You visited 1 branch of the dungeon, and saw 1 of its levels.

You collected 13 gold pieces.

Inventory:

Hand Weapons
 a - a +0 long sword (weapon)
Missiles
 d - 3 throwing nets (quivered)
Armour
 b - a +0 leather armour (worn)
 c - a +0 helmet (worn)
Scrolls
 e - 2 scrolls of identify {unknown}
 g - a scroll of amnesia {unknown}
 i - a scroll of remove curse {unknown}
Potions
 h - a potion of lignification {unknown}
Comestibles
 f - a ration


   Skills:
 + Level 2.2 Fighting
 + Level 2.8 Long Blades
 + Level 2.0 Throwing
 + Level 2.8 Dodging


You had one spell level left.
You didn't know any spells.
Your spell library was empty.

Dungeon Overview and Level Annotations

Branches:
Dungeon (1/15)

Altars:


Innate Abilities, Weirdness & Mutations

You have a somewhat thin skeletal structure. (Dex +2, Stealth)


Message History

The leopard gecko is almost dead.
The leopard gecko barely misses you.
You riposte.
You miss the leopard gecko.
The leopard gecko is almost dead.
The leopard gecko completely misses you.
You riposte.
You hit the leopard gecko but do no damage.
The leopard gecko is almost dead.
You slash the leopard gecko!
You kill the leopard gecko!
You have reached level 2!
Your demonic ancestry asserts itself...
Your bones become slightly less dense.
Found 13 gold pieces.
Found a stone staircase leading down.
Found a ration.
Found a ration.
You now have 13 gold pieces.
There is a staircase leading out of the dungeon here.
Are you sure you want to leave the Dungeon?
This will make you lose the game!
You have escaped!

###############.........
######## #.....>...
####......#### ##........
##............## #........
#......####....###........
##....#######....##........
##....##.....##...###......#
#....###..##.###..###......#
#....##..##@.###..##.......#
#....##...#####..###......##
#....###...###...##.......#
##....##........###......##
#.....###.[..####.......#
##.....########........##
##......####...(.....##
##.................##
###.............###


There were no monsters in sight!

Vanquished Creatures
  A dart slug (D:1)
  A leopard gecko (D:1)
  A goblin (D:1)
  A hobgoblin (D:1)
  A frilled lizard (D:1)
  2 rats (D:1)
7 creatures vanquished.

Notes
Turn   | Place    | Note
-------+----------+-------------------------------------------
     0 | D:1      | BritishOli the Demonspawn Gladiator began the quest for the
                  | Orb.
     0 | D:1      | Reached XP level 1. HP: 16/16 MP: 1/1
   135 | D:1      | Gained mutation: You have a somewhat thin skeletal
                  | structure. (Dex +2, Stealth) [demonic ancestry]
   135 | D:1      | Reached XP level 2. HP: 5/22 MP: 2/2
   221 | D:$      | Got out of the dungeon alive.

Levels and vault maps discovered:
D:1:      dpeg_arrival_snail, layout_basic

Skill      XL: |  1 |
---------------+----+-----
Throwing       | 2 |  2.0
Fighting       | |  2.2
Long Blades    | |  2.8
Dodging        | |  2.8

Action                   || total
-------------------------++-------
Melee: Long sword        ||    19
Armor: Leather armour    ||     5
Dodge: Dodged            ||    13
       Rpst.: Long sword ||     4

Table legend:
 A = Non-vault XP
 B = Vault XP
 C = Vault XP percentage of total XP
 D = Non-vault monster count
 E = Vault monster count
 F = Vault count percentage of total count
                 A         B        C        D         E       F
            +---------+---------+-------+---------+---------+-------
      Total |      14 |       0 |   0.0 |       7 |       0 |   0.0
            +---------+---------+-------+---------+---------+-------
        D:1 |      14 |       0 |   0.0 |       7 |       0 |   0.0
            +---------+---------+-------+---------+---------+-------
